Map: Curious Minds LE

Players

Astrea - Winner!

  • Race: Protoss Protoss
  • League: Grandmaster

Krystianer

  • Race: Protoss Protoss
  • League: Master

Event: DreamHack SC2 Masters Last Chance 2022

VOD

Have the link to the VOD?

Description

Time

  • Played on: Dec. 17, 2021, 1:24 p.m.
  • Length: 13:10

All games in this series

Show
View Real Time Build Order
Export as new Build Order

Astrea Protoss - Winner!

Build Orders: Phoenix Opening, Blink Stalkers 

Get SALT Encoding   

  12  0:00  Probe  
  13  0:12  Probe  
  14  0:17  Pylon  
  14  0:24  Probe (Chrono Boost)  
  15  0:36  Probe (Chrono Boost)  
  15  0:40  Gateway  
  16  0:45  Probe (Chrono Boost)  
  16  0:48  Assimilator  
  17  0:51  Probe  
  17  0:55  Assimilator  
  18  1:03  Probe (Chrono Boost)  
  19  1:07  Pylon  
  19  1:14  Probe (Chrono Boost)  
  20  1:19  Probe (Chrono Boost)  
  21  1:27  Cybernetics Core  
  21  1:31  Probe  
  25  1:52  Nexus  
  22  1:54  Probe  
  23  2:03  Warp Gate  
  23  2:06  Probe  
  23  2:07  Sentry  
  26  2:16  Gateway  
  26  2:18  Probe  
  27  2:23  Pylon  
  27  2:30  Probe  
  27  2:33  Sentry  
  29  2:42  Probe  
  30  2:44  Phoenix  
  30  2:47  Shield Battery  
  30  2:55  Twilight Council, Probe (Chrono Boost)  
  31  3:05  Probe (Chrono Boost)  
  32  3:07  Probe (Chrono Boost)  
  35  3:14  Probe (Chrono Boost)  
  35  3:15  Stalker (Chrono Boost), Probe (Chrono Boost)  
  35  3:17  Stalker (Chrono Boost)  
  35  3:19  Probe (Chrono Boost)  
  37  3:21  Probe  
  41  3:31  Probe  
  42  3:36  Probe  
  42  3:43  Probe  
  42  3:46  Blink (Chrono Boost)  
  42  3:48  Probe  
  44  3:54  Void Ray  
  44  3:55  Probe  
  44  4:00  Probe  
  46  4:07  Probe  
  45  4:13  Probe  
  45  4:20  Probe  
  45  4:23  Stalker x2  
  50  4:25  Probe  
  50  4:30  Pylon  
  51  4:32  Nexus, Probe  
  51  4:37  Probe  
  53  4:41  Robotics Facility  
  53  4:43  Pylon  
  53  4:44  Probe  
  54  4:47  Assimilator  
  54  4:49  Probe  
  54  4:52  Stalker  
  57  4:54  Stalker  
  57  4:56  Probe  
  60  5:01  Probe  
  60  5:05  Pylon  
  61  5:11  Probe  
  61  5:13  Shield Battery  
  62  5:17  Stalker x2  
  62  5:18  Probe  
  67  5:25  Immortal (Chrono Boost)  
  67  5:26  Probe  
  72  5:31  Pylon  
  72  5:32  Probe  
  72  5:33  Phoenix  
  73  5:42  Stalker x2  
  78  5:51  Shield Battery  
  78  5:55  Probe  
  83  5:57  Immortal (Chrono Boost)  
  84  6:04  Gateway  
  84  6:05  Stalker x2  
  84  6:10  Probe x3  
  89  6:14  Pylon  
  89  6:22  Observer (Chrono Boost), Probe x3  
  93  6:31  Stalker x2  
  97  6:34  Probe, Forge  
  97  6:37  Probe  
  99  6:41  Probe  
  99  6:46  Probe  
  99  6:47  Warp Prism (Chrono Boost)  
  97  6:49  Probe  
  97  6:53  Gateway  
  98  6:54  Gateway  
  98  6:58  Stalker x2  
  98  7:01  Probe x3  
  102  7:04  Protoss Ground Weapons Level 1 (Chrono Boost)  
  103  7:13  Dark Shrine  
  103  7:21  Probe  
  104  7:23  Assimilator  
  104  7:26  Stalker x2  
  109  7:30  Observer  
  109  7:33  Pylon  
  109  7:36  Pylon  
  109  7:38  Probe  
  109  7:42  Gateway  
  109  7:47  Nexus  
  111  7:51  Probe x2  
  111  7:55  Stalker x5  
  119  8:06  Probe x3  
  119  8:07  Assimilator  
  119  8:09  Photon Cannon  
  119  8:11  Shield Battery  
  122  8:23  Observer  
  122  8:26  Zealot  
  124  8:29  Pylon x2  
  124  8:30  Photon Cannon  
  124  8:33  Photon Cannon, Shield Battery  
  124  8:35  Pylon  
  124  8:40  Assimilator  
  124  8:48  Dark Templar  
  124  8:49  Dark Templar x3  
  124  8:51  Stalker x2  
  124  8:52  Shadow Stride (Chrono Boost)  
  136  8:58  Probe x2  
  136  8:59  Probe  
  136  9:00  Probe  
  140  9:05  Shield Battery  
  140  9:10  Probe  
  140  9:17  Stalker x4  
  141  9:22  Observer, Probe  
  135  9:29  Stalker x2  
  128  9:40  Nexus  
  128  9:41  Protoss Ground Weapons Level 2 (Chrono Boost)  
  128  9:42  Stalker x4  
  136  9:49  Photon Cannon  
  136  9:53  Pylon  
  136  9:59  Probe x3  
  139  10:01  Robotics Bay  
  139  10:02  Robotics Facility  
  139  10:17  Probe  
  139  10:20  Stalker x4  
  147  10:35  Stalker x2  
  145  10:48  Nexus  
  141  10:51  Probe x3  
  141  10:54  Dark Templar x4  
  148  10:59  Photon Cannon  
  148  11:03  Probe  
  149  11:06  Observer  
  149  11:09  Pylon  
  149  11:11  Pylon  
  147  11:12  Disruptor (Chrono Boost)  
  147  11:13  Pylon  
  147  11:14  Disruptor (Chrono Boost)  
  147  11:15  Pylon  
  147  11:23  Probe  
  146  11:25  Stalker  
  146  11:28  Probe x2  
  150  11:33  Assimilator  
  150  11:36  Assimilator  
  150  11:38  Dark Templar x4  
  158  11:45  Probe x3  
  161  11:49  Disruptor x2 (Chrono Boost)  
  161  11:51  Nexus  
  167  11:54  Pylon  
  167  12:04  Gravitic Boosters  
  165  12:17  Disruptor  
  168  12:29  Zealot x6  
  178  12:32  Gateway  
  178  12:35  Gateway  
  174  12:39  Pylon  
  140  12:53  Stalker x6  
Show
View Real Time Build Order
Export as new Build Order

Krystianer Protoss 

Build Orders: Blink Stalkers 

Get SALT Encoding   

  12  0:00  Probe  
  13  0:12  Probe  
  14  0:18  Pylon  
  14  0:24  Probe (Chrono Boost)  
  15  0:36  Probe (Chrono Boost)  
  15  0:40  Gateway  
  16  0:45  Probe (Chrono Boost)  
  16  0:46  Assimilator  
  17  0:50  Probe  
  18  1:03  Probe (Chrono Boost)  
  19  1:06  Pylon  
  19  1:09  Assimilator  
  19  1:14  Probe (Chrono Boost)  
  20  1:18  Probe (Chrono Boost)  
  21  1:27  Cybernetics Core  
  21  1:31  Probe  
  22  1:54  Nexus  
  22  1:57  Probe  
  23  2:05  Stalker (Chrono Boost)  
  25  2:10  Probe  
  26  2:20  Warp Gate  
  26  2:24  Probe  
  26  2:27  Adept (Chrono Boost)  
  26  2:29  Pylon  
  29  2:36  Probe  
  30  2:48  Twilight Council  
  30  2:52  Probe  
  30  2:55  Adept  
  34  3:06  Probe (Chrono Boost)  
  34  3:10  Probe (Chrono Boost)  
  34  3:16  Probe (Chrono Boost)  
  34  3:19  Probe (Chrono Boost)  
  36  3:21  Probe (Chrono Boost)  
  36  3:26  Blink (Chrono Boost)  
  37  3:29  Probe (Chrono Boost)  
  37  3:33  Probe (Chrono Boost)  
  39  3:45  Probe (Chrono Boost)  
  39  3:46  Gateway  
  39  3:47  Gateway, Probe (Chrono Boost)  
  41  3:51  Probe (Chrono Boost)  
  41  3:54  Probe (Chrono Boost)  
  43  3:59  Probe  
  44  4:06  Probe  
  43  4:11  Probe  
  42  4:17  Stalker  
  42  4:18  Probe  
  42  4:22  Assimilator, Pylon  
  42  4:23  Probe  
  46  4:27  Gateway  
  46  4:30  Probe  
  47  4:37  Robotics Facility  
  48  4:40  Sentry  
  48  4:41  Stalker x2  
  53  4:48  Gateway  
  53  4:59  Nexus  
  53  5:00  Probe  
  53  5:01  Probe, Pylon  
  53  5:04  Stalker  
  53  5:05  Stalker  
  59  5:10  Stalker  
  59  5:13  Probe  
  62  5:14  Pylon  
  62  5:19  Probe  
  63  5:26  Observer  
  63  5:30  Stalker x3  
  63  5:33  Stalker  
  63  5:34  Probe  
  73  5:37  Pylon  
  73  5:41  Probe  
  73  5:47  Probe  
  74  5:56  Shield Battery  
  74  5:57  Probe  
  74  5:58  Stalker x3  
  81  6:05  Gateway  
  81  6:07  Stalker  
  81  6:10  Stalker  
  85  6:14  Probe (Chrono Boost)  
  88  6:20  Probe x2 (Chrono Boost)  
  88  6:24  Probe (Chrono Boost)  
  89  6:28  Probe x2 (Chrono Boost)  
  89  6:29  Probe (Chrono Boost)  
  89  6:31  Forge  
  92  6:38  Probe x2  
  94  6:41  Probe  
  94  6:43  Stalker x2  
  94  6:44  Stalker  
  101  6:50  Pylon  
  101  6:52  Pylon  
  101  6:53  Protoss Ground Weapons Level 1 (Chrono Boost), Charge (Chrono Boost)  
  100  6:54  Pylon  
  100  7:02  Gateway  
  100  7:03  Assimilator  
  100  7:04  Gateway  
  100  7:06  Phoenix  
  100  7:07  Gateway  
  100  7:13  Zealot, Templar Archives  
  100  7:14  Zealot x3  
  108  7:20  Zealot  
  110  7:32  Observer  
  110  7:35  Nexus  
  110  7:36  Zealot x3  
  117  7:37  Pylon  
  117  7:44  Pylon  
  117  7:45  Pylon  
  117  7:47  Pylon  
  117  7:50  Probe  
  117  7:54  Probe x2  
  115  7:59  Zealot  
  115  8:00  Zealot x4  
  115  8:04  Zealot x3  
  131  8:20  Photon Cannon  
  131  8:21  Photon Cannon  
  131  8:24  Warp Prism (Chrono Boost)  
  131  8:26  High Templar x3  
  131  8:27  High Templar  
  139  8:32  Zealot x4  
  139  8:33  Archon  
  139  8:34  Archon  
  149  8:37  Pylon  
  149  8:39  Pylon  
  149  8:40  Protoss Ground Weapons Level 2 (Chrono Boost)  
  149  8:54  Observer  
  150  8:58  Zealot x6  
  150  9:02  Zealot x2  
  165  9:16  Observer  
  125  9:29  Stalker x6  
  129  9:37  Probe  
  126  9:40  Probe x2  
  126  9:41  Photon Cannon  
  126  9:44  Probe  
  129  9:55  Pylon  
  129  9:56  Stalker  
  129  9:57  Stalker x5  
  129  9:59  Probe  
  142  10:04  Shield Battery  
  142  10:10  Probe  
  142  10:13  Shield Battery  
  143  10:16  Zealot x2  
  143  10:20  Zealot x6  
  159  10:23  Probe  
  159  10:24  Probe  
  159  10:25  Probe  
  159  10:26  Probe  
  155  10:35  Probe  
  154  10:36  Probe  
  151  10:44  Stalker x2  
  151  10:45  Stalker x5  
  151  10:46  Probe  
  159  10:53  Probe  
  159  10:55  Probe  
  152  10:57  Probe  
  152  10:59  Probe  
  151  11:05  Probe  
  151  11:07  Probe  
  151  11:09  Probe  
  138  11:20  Nexus  
  138  11:22  Zealot x4  
  138  11:23  Zealot x4  
  149  11:25  Probe  
  149  11:26  Probe  
  149  11:30  Pylon  
  150  11:34  Probe  
  153  11:46  Observer (Chrono Boost)  
  152  11:48  Probe  
  152  11:49  Zealot x8  
  152  11:52  Assimilator  
  169  11:56  Assimilator  
  169  11:57  Warp Prism (Chrono Boost)  
  169  11:58  Photon Cannon  
  169  12:01  Pylon  
  171  12:03  Shield Battery  
  171  12:04  Photon Cannon  
  157  12:18  Zealot x8  
  169  12:25  Probe  
  169  12:29  Probe  
  147  12:44  Zealot x8  
  147  12:45  Probe  
  147  12:46  Probe x2  
  147  12:47  Probe  
  127  12:51  Probe  
  127  12:57  Probe  
  107  13:05  Stalker x2, Zealot  
  109  13:06  Zealot x4  
  109  13:07  Zealot  

Tags
 
Add a new tag
Caveats
  • Supply blocks, unpowered buildings, or Contaminate may cause inaccurate times.
  • Supply counts are checked every 10 seconds.